 Dungeon Crawl Stone Soup version 0.31-a0-924-ge39a22a033 (webtiles) character file.

Game seed: 5160383736525182480

532 Gladio the Slasher (level 7, -8/41 (44) HPs)
             Began as a Tengu Fighter on Oct 18, 2023.
             Mangled by a wight
             ... wielding a +3 halberd
              (15 damage)
             ... on level 5 of the Dungeon.
             The game lasted 00:06:33 (3446 turns).

Gladio the Slasher (Tengu Fighter)                  Turns: 3446, Time: 00:06:34

HP:   -8/41 (44)    AC:  4    Str: 16    XL:     7   Next: 24%
MP:   8/8           EV: 16    Int:  8    God:
Gold: 155           SH:  5    Dex: 16    Spells: 6/6 levels left

rFire   . . .        a - +0 long sword
rCold   . . .        c - +0 buckler
rNeg    . . .        i - +0 troll leather armour
rPois   .            (helmet restricted)
rElec   .            (no cloak)
rCorr   .            k - +0 pair of gloves
SInv    .            (boots unavailable)
Will    .....        (no amulet)
Stlth   +            (no ring)
HPRegen 1.06/turn    (no ring)
MPRegen 0.11/turn

%: acrobat
@: brilliant, flying, drained
A: beak, talons 3, evasive flight, acrobatic
a: no special abilities


You were on level 5 of the Dungeon.
You visited 1 branch of the dungeon, and saw 5 of its levels.

You collected 155 gold pieces.

Inventory:

Hand Weapons
 a - a +0 long sword (weapon)
Missiles
 o - 4 javelins (quivered)
 q - 2 poisoned darts
Armour
 b - a +0 scale mail
 c - a +0 buckler (worn)
 g - a +0 ring mail
 i - a +0 troll leather armour (worn)
 k - a +0 pair of gloves (worn)
Scrolls
 h - a scroll of revelation {unknown}
 j - a scroll of fog {unknown}
 l - 2 scrolls of identify
 n - a scroll of butterflies {unknown}
 p - 2 scrolls of fear {unknown}
Potions
 f - 2 potions of lignification


   Skills:
 + Level 4.3 Fighting
 * Level 5.3 Long Blades
 - Level 4.2 Armour
 + Level 2.9 Dodging
 + Level 4.3 Shields


You had 6 spell levels left.
You didn't know any spells.
Your spell library contained the following spells:

 Spells                   Type           Power      Damage    Failure   Level
 Gell's Gravitas          Tloc           0%         N/A       90%         3
 Teleport Other           Tloc           0%         N/A       90%         3
 Dispersal                Tloc           0%         N/A       100%        6


Dungeon Overview and Level Annotations

Branches:
Dungeon (5/15)
 Temple: D:4-7

Altars:
Ashenzari
Makhleb
Okawaru
Qazlal
Vehumet

Shops:
D:1 [=(:[


Innate Abilities, Weirdness & Mutations

You have a beak for a mouth.
You have claws for feet.
Your magical flight helps you evade attacks. (EV +4)
You can magically evade attacks while moving or waiting.


Message History

A sleepcap comes into view.
The wight attacks as it pursues you! The wight completely misses you.
You slash the sleepcap!
The sleepcap is moderately damaged.
The sleepcap releases spores at you. The sleepcap closely misses you.
The wight hits you but does no damage. The sleepcap attacks as it pursues you!
You block the sleepcap's attack. The wight completely misses you.
You barely miss the orc. You claw the orc. You peck the orc, but do no damage.
The orc is heavily wounded.
You block the orc's attack. The sleepcap releases spores at you.
The wight completely misses you.
You barely miss the orc. Your peck misses the orc.
The orc is heavily wounded.
The orc hits you with a +0 flail! The sleepcap misses you.
The wight hits you with a +3 halberd!
You feel drained.
You slash the orc!
You kill the orc!
The wight barely misses you. The sleepcap releases spores at you.
You barely miss the orc. Your kick misses the orc. The sleepcap misses you.
The wight closely misses you. The orc closely misses you.
You hit the orc but do no damage. The sleepcap releases spores at you.
You block the wight's attack. The orc completely misses you.
You hit the orc. You claw the orc.
The orc is heavily wounded.
You block the sleepcap's attack. You block the wight's attack.
You block the orc's attack. The sleepcap releases spores at you.
You block the wight's attack.
You completely miss the orc. You claw the orc.
The orc is severely wounded.
The orc hits you but does no damage. The wight hits you with a +3 halberd!
* * * LOW HITPOINT WARNING * * *
You feel drained.
* * * LOW HITPOINT WARNING * * *
The sleepcap barely misses you.
It was a potion of brilliance.
You feel clever all of a sudden. The orc barely misses you.
The sleepcap barely misses you. The wight hits you with a +3 halberd!
You die...

#.# #.......###.
#.# ##.#...>....
#.# #.#########
#.# #.# #o# #.#
#o# ##.#########
#z#####.....ooozo)
#zo.........o##.##
#@#####.####.##.#
#f# #.# #.##z# #.#
#.# #.##.#
#.#####.# #.##.#
######.......#
#.##.#
#.......######
#.##.#
#<####........ #.#
#..###### #.# #..#


You could see a sleepcap, 2 wights, an orc priest and 2 orcs.

Vanquished Creatures
  A necrophage (D:4)
  2 wights (D:5)
  A jelly (D:5)
  3 iguanas
  2 orc wizards (D:5)
  A hound skeleton (D:4)
  7 adders
  4 gnolls (D:4)
  4 dart slugs
  6 orcs
  5 ball pythons
  3 bats
  6 endoplasms
  3 giant cockroaches
  11 goblins
  8 hobgoblins
  4 jackals
  8 kobolds
  7 quokkas
  A frilled lizard (D:3)
  7 rats
94 creatures vanquished.

Notes
Turn   | Place    | Note
-------+----------+-------------------------------------------
     0 | D:1      | Gladio the Tengu Fighter began the quest for the Orb.
     0 | D:1      | Reached XP level 1. HP: 14/14 MP: 2/2
    26 | D:1      | Found Ymmoj's Book Boutique.
    91 | D:1      | Reached XP level 2. HP: 17/19 MP: 3/3
   103 | D:1      | Found Beme's Armour Shop.
   211 | D:1      | Found Efysk's Jewellery Shoppe.
   270 | D:1      | Found Jeassock's Antique Armour Shop.
   380 | D:1      | Reached XP level 3. HP: 23/23 MP: 4/4
   622 | D:1      | Found Ozynni's Weapon Shop.
   858 | D:2      | Reached skill level 3 in Long Blades
   869 | D:2      | Reached skill level 1 in Dodging
   870 | D:2      | Found a faded altar of an unknown god.
   893 | D:2      | Found a radiant altar of Vehumet.
   901 | D:2      | Reached XP level 4. HP: 23/28 MP: 5/5
  1957 | D:3      | Reached XP level 5. HP: 32/32 MP: 6/6
  2001 | D:3      | Found a stormy altar of Qazlal.
  2468 | D:4      | Reached skill level 4 in Long Blades
  2664 | D:4      | Reached XP level 6. HP: 38/38 MP: 7/7
  2893 | D:4      | Found a burning altar of Makhleb.
  2986 | D:4      | Found an iron altar of Okawaru.
  3017 | D:4      | Found a broken altar of Ashenzari.
  3305 | D:5      | Entered Level 5 of the Dungeon
  3368 | D:5      | Reached skill level 5 in Long Blades
  3368 | D:5      | Gained mutation: Your magical flight helps you evade
                  | attacks. (EV +4) [Tengu growth]
  3368 | D:5      | Reached XP level 7. HP: 41/43 MP: 8/8
  3389 | D:5      | HP: 1/42 [wight/+0 scimitar (3)]
  3402 | D:5      | Identified the +5 spear of Alyucs {freeze, rCorr}
  3446 | D:5      | Mangled by a wight

Illustrated notes

Levels and vault maps discovered:
D:1:      dpeg_arrival_arbitrary_c, layout_loops_cross, serial_shops, shop,
          shop, shop, nicolae_shop_statue_plus, nicolae_shop_back_alley_shop,
          minivault_11
D:2:      layout_basic, ebering_ecumenical_altar_webs, basic_altar
D:3:      layout_basic, nicolae_qazlal_general_emergency
D:4:      layout_basic, makhleb_blood_cavern_becter,
          mainiacjoe_overflow_boulevard,
          hellmonk_okawaru_the_only_friend_you_need
D:5:      layout_loops_ring, nicolae_gozag_zags_fifth_avenue,
          minmay_temple_entry_butterflies

Skill      XL: |  1  2  3  4  5  6 |
---------------+-------------------+-----
Long Blades    | 3 4 5 |  5.3
Dodging        | 1 2 |  2.9
Armour         | 4 |  4.2
Fighting       | 4 |  4.3
Shields        | 4 |  4.3

Action                     |  1- 3 |  4- 6 |  7- 9 || total
---------------------------+-------+-------+-------++-------
  Melee: Long sword        |    77 |   156 |    17 ||   250
         Peck              |     5 |    27 |     1 ||    33
         Kick              |     6 |    42 |     6 ||    54
    Use: Scroll            |       |     3 |       ||     3
         Potion            |       |     2 |     1 ||     3
   Stab: Sleeping          |     1 |       |       ||     1
 Armour: Scale mail        |    12 |       |       ||    12
         Ring mail         |    27 |       |       ||    27
         Troll leather arm |     8 |    74 |    19 ||   101
  Dodge: Dodged            |    55 |    81 |    57 ||   193
  Block: Buckler           |     9 |    38 |    19 ||    66

Table legend: (Time is in decaauts)
 A = Elapsed time spent in this place.
 B = Non-inter-level travel time spent in this place.
 C = Inter-level travel time spent in this place.
 D = Time resting spent in this place.
 E = Time spent auto-exploring this place.
 F = Levels seen in this place.
 G = Mean time per level.
                   A        B        C        D        E       F      G
               +--------+--------+--------+--------+--------+-----+--------+
         Total |   3516 |   3326 |    190 |      0 |   2599 |   5 |  703.2 |
       Dungeon |   3516 |   3326 |    190 |      0 |   2599 |   5 |  703.2 |
               +--------+--------+--------+--------+--------+-----+--------+

Top non-repeatable levels by time:
     D:2: 923 daAuts
     D:4: 887 daAuts
     D:3: 819 daAuts
     D:1: 731 daAuts
     D:5: 154 daAuts
